 Dungeon Crawl Stone Soup version 0.30.0-29-ga12c61a403 (webtiles) character file.

Game seed: 1168050749048099960

147 McKennaii the Caller (level 4, 0/73 HPs)
             Began as a Demigod Summoner on June 8, 2023.
             Succumbed to a goblin's poison
             ... on level 3 of the Dungeon.
             The game lasted 00:04:39 (2279 turns).

McKennaii the Caller (Demigod Summoner)             Turns: 2279, Time: 00:04:39

Health: 0/73       AC: 22    Str:  8 (9)  XL:     4   Next: 80%
Magic:  11/11      EV:  2    Int: 19 (21) God:
Gold:   65         SH:  0    Dex: 11 (14) Spells: 5/8 levels left

rFire   + . .        m - +0 dagger
rCold   + . .        (no shield)
rNeg    . . .        a - melded +0 robe
rPois   +            f - melded +2 helmet
rElec   +            (cloak currently unavailable)
rCorr   +            (gloves currently unavailable)
SInv    .            (boots currently unavailable)
Will    +....        (no amulet) Stlth
                     o - ring of willpower
HPRegen 0.32/turn    (no ring)
MPRegen 0.12/turn

%: no passive effects
@: berserking (expiring), lethally poisoned (0 -> -4), tree-form, resistant,
hasted, very quick
A: stationary, stasis, torment immunity, boosted hp, high MP 1, forlorn, divine
attributes
a: no special abilities


You were on level 3 of the Dungeon.
You were a tree.
You visited 1 branch of the dungeon, and saw 3 of its levels.

You collected 65 gold pieces.

Inventory:

Hand Weapons
 m - a +0 dagger (weapon)
Armour
 a - a +0 robe (melded)
 f - a +2 helmet (melded)
Jewellery
 o - a ring of willpower (left branch)
Scrolls
 c - 5 scrolls of identify {unknown}
 e - a scroll of acquirement {unknown}
 h - a scroll of teleportation {unknown}
 j - a scroll of magic mapping {unknown}
 n - a scroll of silence {unknown}
Potions
 b - 2 potions of magic
 l - 2 potions of cancellation


   Skills:
 + Level 3.1 Dodging
 - Level 1.7 Stealth
 + Level 2.9 Spellcasting
 + Level 4.4 Summonings


You had 5 spell levels left.
You knew the following spells:

 Your Spells              Type           Power      Damage    Failure   Level
a - Summon Small Mammal   Summ           76%        N/A       2%          1
b - Call Imp              Summ           38%        N/A       3%          2

Your spell library contained the following spells:

 Spells                   Type           Power      Damage    Failure   Level
 Call Canine Familiar     Summ           19%        N/A       8%          3
 Summon Guardian Golem    Hex/Summ       11%        N/A       19%         3
 Summon Lightning Spire   Summ/Air       11%        N/A       52%         4


Dungeon Overview and Level Annotations

Branches:
Dungeon (3/15)


Innate Abilities, Weirdness & Mutations

You are a tree.
Your roots penetrate the ground, keeping you stationary.
You cannot be teleported.
You are immune to unholy pain and torment.
Your maximum health is greatly increased.
Your equipment is partially melded.
You have an increased reservoir of magic. (+10% MP)
You shall have no god before yourself.
Your divine heritage dramatically boosts your attributes as you level up.


Message History

The goblin hits you with a +1 dagger of venom.
You are lethally poisoned!
Your cerulean imp hits the goblin from afar with a -2 spear.
The goblin dies!
There is a lethal amount of poison in your body!
It was a potion of cancellation.
You feel magically purged.
You feel very sick.
It was a potion of resistance.
You feel protected.
* * * LOW HITPOINT WARNING * * *
You feel very sick.
Unknown command.
It was a potion of lignification.
You turn into a tree.
Your +2 helmet melds into your body.
Your +0 robe melds into your body.
Your roots penetrate the ground.
* * * LOW HITPOINT WARNING * * *
You feel very sick.
Unknown command.
It was a potion of haste.
You feel yourself speed up.
* * * LOW HITPOINT WARNING * * *
You feel very sick.
It was a potion of degeneration.
There was something very wrong with that liquid.
You feel weakened.
You feel dopey.
You feel clumsy.
* * * LOW HITPOINT WARNING * * *
You feel sick.
It was a potion of berserk rage.
A red film seems to cover your vision as you go berserk!
You feel yourself moving faster!
You feel mighty!
* * * LOW HITPOINT WARNING * * *
You feel sick.
You feel a strong urge to attack something.
* * * LOW HITPOINT WARNING * * *
You feel sick.
You cannot move.
Unknown command.
* * * LOW HITPOINT WARNING * * *
You feel sick.
You feel your anger nearly subside.
You die...

########### #[##.## ..........#
#.##.#.
..........#########...#####.#....
..................'..............
.........)###.#####...#...#...g.g
.................................
...##########...#######...####...
...............5.)....... .....#
###############.♣..####. ####.#
####.# ## #.# ... #.# ..# #.# .#
#


You could see a friendly cerulean imp (summoned).

Vanquished Creatures
  2 adders
  An endoplasm (D:1)
  3 goblins
  A hobgoblin (D:3)
  A ball python (D:1)
  2 bats
10 creatures vanquished.

Vanquished Creatures (collateral kills)
  2 orc wizards (D:3)
  3 adders (D:2)
  A worm (D:2)
  2 orcs
  3 ball pythons (D:2)
  A bat (D:2)
  3 endoplasms
  2 giant cockroaches
  5 goblins
  4 hobgoblins
  2 quokkas (D:1)
  A frilled lizard (D:2)
  11 rats
40 creatures vanquished.

Grand Total: 50 creatures vanquished

Notes
Turn   | Place    | Note
-------+----------+-------------------------------------------
     0 | D:1      | McKennaii the Demigod Summoner began the quest for the Orb.
     0 | D:1      | Reached XP level 1. HP: 14/14 MP: 5/5
   569 | D:1      | Reached XP level 2. HP: 10/20 MP: 4/7
  1276 | D:2      | Reached skill level 4 in Summonings
  1276 | D:2      | Reached XP level 3. HP: 22/26 MP: 6/9
  1290 | D:2      | Learned a level 2 spell: Call Imp
  1705 | D:2      | Reached XP level 4. HP: 33/33 MP: 10/10
  2277 | D:3      | HP: 3/73 [poisoned by a goblin]
  2278 | D:3      | HP: 1/73 [poisoned by a goblin]
  2279 | D:3      | Succumbed to a goblin's poison

Illustrated notes

Levels and vault maps discovered:
D:1:      amcnicky_arrival_choice, layout_loops_ring
D:2:      layout_rooms
D:3:      layout_basic, kennysheep_crisscross, uniq_robin

Skill      XL: |  1  2  3  4 |
---------------+-------------+-----
Dodging        | 2 3 |  3.1
Spellcasting   | 2 |  2.9
Summonings     | 4 |  4.4
Stealth        | |  1.7

Action                     |  1- 3 |  4- 6 || total
---------------------------+-------+-------++-------
  Melee: Unarmed           |     7 |       ||     7
         Dagger            |    25 |    27 ||    52
   Cast: Summon Small Mamm |    42 |     3 ||    45
         Call Imp          |     5 |     8 ||    13
    Use: Potion            |     2 |     6 ||     8
   Stab: Distracted        |     2 |       ||     2
 Armour: Robe              |    12 |    13 ||    25
  Dodge: Dodged            |    50 |    30 ||    80
